 Dungeon Crawl Stone Soup version 0.29-a0-559-g359e09b9d1 (webtiles) character file.

Game seed: 5812255125618831104

192104 27snakeeyes612 the Severer (level 17, -7/168 HPs)
             Began as a Minotaur Berserker on June 10, 2022.
             Was the Champion of Trog.
             Mangled by a ten-headed hydra (17 damage)
             ... called by a spriggan druid
             ... on level 2 of the Swamp.
             The game lasted 00:36:31 (41526 turns).

27snakeeyes612 the Severer (Minotaur Berserker)    Turns: 41526, Time: 00:36:31

Health: -7/168     AC: 30    Str: 28    XL:     17   Next: 60%
Magic:  16/16      EV: 19    Int:  4    God:    Trog [******]
Gold:   3077       SH:  5    Dex: 12    Spells: 16/16 levels left

rFire   . . .      SeeInvis .   C - +8 frozen axe "Frostbite" {freezing cloud, *Noise Fly rC+}
rCold   + + .      Faith    .   (shield currently unavailable)
rNeg    . . .      Spirit   .   i - +1 plate armour
rPois   .          Reflect  +   (helmet restricted)
rElec   +          Harm     .   Y - +2 cloak
rCorr   .          Rampage  .   (no gloves)
Will    +....                   V - +1 pair of boots of Vexation {rElec Stlth+}
Stlth   ..........              a - amulet of reflection
HPRegen 0.38/turn               o - +4 ring of protection
MPRegen 0.15/turn               E - +4 ring of evasion

@: about to teleport, flying, slowed, very slow
A: horns 2, retaliatory headbutt, cold resistance 1, MP-powered wands
}: 1/15 runes: gossamer
a: Renounce Religion, Berserk, Trog's Hand, Brothers in Arms


You were on level 2 of the Swamp.
You worshipped Trog.
Trog was exalted by your worship.
You visited 5 branches of the dungeon, and saw 29 of its levels.
You also visited: Ossuary.

You collected 3857 gold pieces.
You spent 780 gold pieces at shops.

Inventory:

Hand Weapons
 v - a +2 war axe of electrocution
 C - the +8 frozen axe "Frostbite" (weapon) {freezing cloud, *Noise Fly rC+}
   (Trog gifted it to you on level 3 of the Spider Nest)

   It freezes those it strikes, dealing additional cold damage.
   It can also slow down cold-blooded creatures.
   It occasionally leaves clouds of freezing vapour upon striking a foe.
   It grants immunity to clouds of freezing vapour.
   rC:        It protects you from cold.
   Fly:       It grants you flight.
   *Noise:    It may make noises in combat.
 I - a +0 war axe of flaming
 X - a +4 broad axe of freezing
Missiles
 H - 2 throwing nets (quivered)
Armour
 i - a +1 plate armour (worn)
 U - a +0 pair of gloves
 V - the +1 pair of boots of Vexation (worn) {rElec Stlth+}
   (You bought it in a shop on level 2 of the Orcish Mines)

   rElec:     It insulates you from electricity.
   Stlth:     It makes you more stealthy.
 Y - a +2 cloak (worn)
Jewellery
 a - an amulet of reflection (around neck)
 e - an amulet of faith
 h - a ring of resist corrosion
 m - an amulet of guardian spirit
 o - a +4 ring of protection (left hand)
 y - a ring of ice
 E - a +4 ring of evasion (right hand)
 J - a +4 ring of evasion
 L - a ring of fire
 R - a ring of protection from fire
 Z - a ring of ice
Wands
 f - a wand of paralysis (12)
 q - a wand of charming (5)
 w - a wand of digging (11)
 G - a wand of iceblast (23)
 M - a wand of polymorph (21)
 N - a wand of flame (26)
 S - a wand of acid (24)
 W - a wand of mindburst (11)
Scrolls
 b - 3 scrolls of magic mapping
 d - 11 scrolls of identify
 k - 5 scrolls of fear
 l - a scroll of enchant weapon
 p - 4 scrolls of vulnerability
 r - 13 scrolls of teleportation
 t - 3 scrolls of poison
 K - a scroll of brand weapon
 O - 4 scrolls of silence
 P - 5 scrolls of fog
 T - a scroll of summoning
Potions
 c - 11 potions of curing
 g - 2 potions of mutation
 n - a potion of resistance
 s - 9 potions of ambrosia
 u - 6 potions of invisibility
 x - 9 potions of attraction
 z - 4 potions of cancellation
 A - 2 potions of might
 B - 3 potions of berserk rage
 D - 5 potions of haste
 F - a potion of heal wounds
 Q - 5 potions of magic


   Skills:
 + Level 19.6 Fighting
 + Level 19.6 Axes
 + Level 19.4 Armour
 + Level 17.9 Dodging


You had 16 spell levels left.
You didn't know any spells.
Your spell library was empty.

Dungeon Overview and Level Annotations

Branches:
Dungeon (15/15) Temple (0/1) D:5 Lair (6/6) D:11 Swamp (2/4) Lair:3 Spider (4/4) Lair:3 Slime (0/5) Lair:6 Orc (2/2) D:12 Elf (0/3) Orc:2 Vaults (0/5) D:13 D:14 Depths (0/4) D:15 Ossuary (visited)

Altars:
Ashenzari
Elyvilon
Fedhas
Makhleb
Okawaru
Qazlal
Vehumet
Wu Jian
Xom
Zin
Beogh
Jiyva

Shops:
D:7 *   Orc:2 *[*!

Annotations:
D:5 1 transporter, blade888's ghost, novice DsFE
Lair:2 2 transporters


Innate Abilities, Weirdness & Mutations

You have a pair of horns on your head.
You reflexively headbutt those who attack you in melee.
Your flesh is cold resistant. (rC+)
You expend magic power (3 MP) to strengthen your wands.


Message History

Press: ? - help, Dir - move target
As you read the scroll of blinking, it crumbles to dust.
The swamp worm fires a harpoon shot at you.
The harpoon shot hits you.
* * * LOW HITPOINT WARNING * * *
You are yanked forward by the harpoon shot.
The swamp worm fires a harpoon shot at you.
The harpoon shot misses you. You block the swamp worm's attack.
A tyrant leech comes into view.
You feel much better.
The six-headed hydra roars!
The ten-headed hydra is no longer moving slowly.
The swamp worm fires a harpoon shot at you.
The harpoon shot hits you but does no damage.
The swamp worm completely misses you. The swamp worm bites you.
* * * LOW HITPOINT WARNING * * *
The swamp worm fires a harpoon shot at you.
The harpoon shot hits you.
* * * LOW HITPOINT WARNING * * *
You are yanked forward by the harpoon shot.
A swamp worm comes into view. x2
The ten-headed hydra bites you but does no damage.
The ten-headed hydra completely misses you.
The ten-headed hydra closely misses you.
The ten-headed hydra misses you. The ten-headed hydra barely misses you.
The ten-headed hydra bites you!
* * * LOW HITPOINT WARNING * * *
The ten-headed hydra closely misses you. x2
The ten-headed hydra misses you.
The ten-headed hydra completely misses you.
As you read the scroll of teleportation, it crumbles to dust.
You feel strangely unstable.
The swamp worm fires a harpoon shot at you.
The harpoon shot misses you. You block the swamp worm's attack.
The ten-headed hydra closely misses you.
The ten-headed hydra bites you but does no damage.
The ten-headed hydra bites you!
* * * LOW HITPOINT WARNING * * *
The ten-headed hydra barely misses you. The ten-headed hydra bites you!
You die...

..§≈≈ ♣≈^≈≈.≈ ♣♣♣♣..♣♣
≈≈≈≈.♣♣≈.≈≈.♣♣♣≈.≈≈≈.♣♣♣
≈≈..♣≈≈♣♣.≈≈♣..≈≈≈≈≈§≈D.
....≈≈≈..§..≈§≈≈≈w≈≈≈≈.
♣.≈≈≈≈≈≈≈≈.≈≈≈≈≈≈≈≈≈≈≈
♣..≈≈≈≈≈≈≈≈w≈§)†≈≈...≈
♣....≈≈≈§≈wwD≈§≈≈≈...≈
♣≈>≈≈<.≈≈wnDw≈≈≈≈§≈..≈
♣♣.≈≈≈≈≈≈≈≈@≈≈≈≈≈≈≈≈..
♣.≈≈≈≈≈§≈≈w≈≈≈≈≈≈≈≈.♣
♣♣.≈≈≈≈....≈..≈≈≈≈..♣
♣♣...≈≈≈...≈♣....♣♣♣
♣≈≈.§≈≈w≈♣♣♣♣♣♣♣♣
♣<...≈§.w♣ ♣♣≈$≈≈≈.♣♣
♣♣.≈≈≈.. .......≈


You could see a ten-headed hydra (strong), a six-headed hydra, 2 tyrant leeches,
a bog body and 7 swamp worms.

Vanquished Creatures
  Jorgrun (Swamp:1)
  Agnes (Spider:3)
  4 emperor scorpions
  An orc warlord (Orc:2)
  4 ghost moths
  3 broodmothers
  A stone giant (D:15)
  An eleionoma (Swamp:1)
  Nessos (D:14)
  An entropy weaver (Spider:4)
  A bunyip (Swamp:2)
  A spark wasp (Spider:1)
  A shambling mangrove (Swamp:1)
  7 boulder beetles
  7 jorogumos
  10 hydras
  2 centaur warriors (D:15)
  2 alligators (Swamp:1)
  6 catoblepae
  A death knight (D:15)
  10 two-headed ogres
  The ghost of bezhaha the Geomancer, a journeyman DgEE (D:10)
  2 radroaches
  11 death yaks
  8 death scarabs (Spider:4)
  4 orc high priests (Orc:2)
  Sonja (Lair:2)
  Nergalle (Lair:4)
  A spriggan (Swamp:1)
  3 sun moths
  Lodul (D:13)
  13 pharaoh ants
  6 steelbarb worms
  2 spriggan druids
  6 orb spiders
  8 orc knights
  A broodmother zombie (Spider:4)
  2 spectral wolf spiders (Spider:4)
  3 orc sorcerers (Orc:2)
  17 ugly things
  5 cyclopes
  A wolf spider zombie (Spider:4)
  18 wolf spiders
  2 deep elf pyromancers
  6 manticores
  A salamander (shapeshifter) (D:15)
  4 moths of wrath
  7 elephants
  3 black mambas
  2 torpor snails
  A gargoyle (D:10)
  3 rime drakes
  Maggie (D:7)
  16 cane toads
  3 unseen horrors
  15 demonic crawlers
  An efreet (D:13)
  4 spectral redbacks (Spider:4)
  11 komodo dragons
  2 redback zombies (Spider:4)
  3 polar bears
  7 trolls
  27 tarantellas
  Grinder (D:6)
  3 tyrant leeches
  A hornet (Swamp:1)
  A meliai (Lair:3)
  3 spectral culicivoras (Spider:4)
  20 blink frogs
  A culicivora zombie (Spider:4)
  3 spectral jumping spiders (Spider:4)
  A spectral tarantella (Spider:4)
  17 slime creatures
  A tarantella zombie (Spider:4)
  31 jumping spiders
  16 culicivoras
  2 shadows
  3 wraiths
  7 wyverns
  16 humans (D:13)
  2 vampires
  58 yaks
  54 redbacks
  6 basilisks
  2 steam dragons
  2 vampire mosquitoes (D:13)
  3 wargs
  Menkaure (D:7)
  7 swamp worms
  An acid dragon (D:8)
  15 water moccasins
  4 black bears
  37 orc warriors
  2 sky beasts
  An ice beast (D:6)
  21 ogres
  5 wolves (Lair:4)
  8 centaurs
  A phantom (D:5)
  5 kobold brigands
  2 necrophages (D:5)
  18 bullfrogs
  7 scorpions
  4 water moccasin zombies (Ossuary)
  20 killer bees
  2 howler monkeys
  3 electric eels
  5 hounds
  3 jellies
  32 orc priests
  3 iron imps (D:6)
  4 gnoll shamans
  7 iguanas
  12 orc wizards
  2 mummies (Ossuary)
  12 gnolls
  10 adders
  2 shadow imps
  3 white imps
  6 adder zombies (Ossuary)
  A worm (D:3)
  4 dart slugs
  92 orcs
  7 ball pythons
  6 bats
  6 endoplasms
  4 giant cockroaches
  6 hobgoblins
  6 jackals
  A quokka (D:4)
  A frilled lizard (D:3)
  5 gnoll zombies (Ossuary)
  11 goblins
  4 hobgoblin zombies (Ossuary)
  28 kobolds
  4 kobold zombies (Ossuary)
  2 orc zombies (Ossuary)
  6 rats
1013 creatures vanquished.

Vanquished Creatures (others)
  A bloated husk (Swamp:2)
  An orc wizard (D:8)
  A bush (Lair:5)
  37 fungi
  84 plants
124 creatures vanquished.

Grand Total: 1137 creatures vanquished

Notes
Turn   | Place    | Note
-------+----------+-------------------------------------------
     0 | D:1      | 27snakeeyes612 the Minotaur Berserker began the quest for
                  | the Orb.
     0 | D:1      | Reached XP level 1. HP: 19/19 MP: 0/0
   374 | D:1      | Reached XP level 2. HP: 23/27 MP: 1/1
   728 | D:1      | Found a faded altar of an unknown god.
  1259 | D:2      | Reached XP level 3. HP: 33/33 MP: 2/2
  1486 | D:2      | Reached ** piety under Trog
  2250 | D:3      | Reached XP level 4. HP: 35/40 MP: 3/3
  3160 | D:4      | Found a sand-covered staircase.
  3170 | Ossuary  | Entered an ossuary
  3175 | Ossuary  | Reached *** piety under Trog
  3219 | Ossuary  | Reached XP level 5. HP: 45/47 MP: 4/4
  3280 | Ossuary  | Reached skill level 5 in Fighting
  3280 | Ossuary  | Reached skill level 5 in Axes
  3315 | Ossuary  | Reached XP level 6. HP: 56/56 MP: 5/5
  3740 | D:4      | Reached skill level 5 in Armour
  3740 | D:4      | Reached XP level 7. HP: 58/62 MP: 4/6
  3894 | D:4      | Reached **** piety under Trog
  4129 | D:5      | Entered Level 5 of the Dungeon
  4141 | D:5      | Noticed a wraith
  4147 | D:5      | Killed a wraith
  4294 | D:5      | Found a transporter.
  4295 | D:5      | Noticed blade888's ghost (novice DsFE)
  4321 | D:5      | Found a staircase to the Ecumenical Temple.
  4329 | D:5      | Reached skill level 5 in Dodging
  4635 | D:5      | Reached XP level 8. HP: 61/71 MP: 5/7
  4639 | D:5      | Identified the +2 long sword "Death Rattle" {vorpal,
                  | Fragile rF+ Int+8}
  5414 | D:6      | Noticed Grinder
  5414 | D:6      | Paralysed by Grinder for 5 turns
  5437 | D:6      | Paralysed by Grinder for 3 turns
  5442 | D:6      | Killed Grinder
  5818 | D:6      | Reached XP level 9. HP: 78/81 MP: 8/8
  6030 | D:6      | Found a glowing silver altar of Zin.
  6045 | D:6      | Found a stormy altar of Qazlal.
  6261 | D:6      | Found a burning altar of Makhleb.
  6498 | D:7      | Found Pabb's General Store.
  6518 | D:7      | Bought a scroll of enchant weapon for 82 gold pieces
  6689 | D:7      | Noticed Menkaure
  6694 | D:7      | Killed Menkaure
  6833 | D:7      | Noticed Maggie
  6834 | D:7      | Reached ***** piety under Trog
  6842 | D:7      | Killed Maggie
  6987 | D:7      | Found a radiant altar of Vehumet.
  7183 | D:7      | Found a white marble altar of Elyvilon.
  7407 | D:8      | Reached XP level 10. HP: 64/91 MP: 6/9
  7416 | D:8      | Received a gift from Trog
  7681 | D:8      | Identified the +4 ring mail "Rem Bouph" {Slay+2 SInv
                  | Stlth-}
  7792 | D:8      | Found a shimmering altar of Xom.
  8481 | D:9      | Reached skill level 10 in Axes
  8836 | D:9      | Reached skill level 10 in Fighting
  9247 | D:9      | Found an iron altar of Okawaru.
  9621 | D:10     | Entered Level 10 of the Dungeon
  9792 | D:10     | Found a runed translucent door.
  9792 | D:10     | Noticed bezhaha's ghost (journeyman DgEE)
  9922 | D:10     | Killed bezhaha's ghost
  9923 | D:10     | Reached skill level 10 in Armour
  9994 | D:10     | Noticed a two-headed ogre
 10001 | D:10     | Killed a two-headed ogre
 10024 | D:10     | Noticed a two-headed ogre
 10029 | D:10     | Killed a two-headed ogre
 10030 | D:10     | Reached XP level 11. HP: 83/101 MP: 7/10
 10443 | D:10     | Reached skill level 10 in Dodging
 10882 | D:10     | Received a gift from Trog
 10988 | D:10     | Gained mutation: You are weak. (Str -2) [potion of
                  | mutation]
 10988 | D:10     | Gained mutation: Your system is resistant to poisons.
                  | (rPois) [potion of mutation]
 10989 | D:10     | Lost mutation: Your system is resistant to poisons. (rPois)
                  | [potion of mutation]
 10989 | D:10     | Lost mutation: You are weak. (Str -2) [potion of mutation]
 10989 | D:10     | Gained mutation: You sometimes lose the ability to read
                  | scrolls when taking damage. [potion of mutation]
 10989 | D:10     | Gained mutation: You are partially covered in large bone
                  | plates. (SH +4) [potion of mutation]
 11080 | D:11     | Noticed a two-headed ogre
 11089 | D:11     | Killed a two-headed ogre
 11454 | D:11     | Found a staircase to the Lair.
 11722 | D:11     | Noticed a two-headed ogre
 11728 | D:11     | Killed a two-headed ogre
 11913 | D:11     | Noticed a boulder beetle
 11922 | D:11     | Killed a boulder beetle
 12258 | D:12     | Found a staircase to the Orcish Mines.
 12267 | D:12     | Reached XP level 12. HP: 76/112 MP: 8/11
 13461 | D:12     | Lost mutation: You sometimes lose the ability to read
                  | scrolls when taking damage. [potion of mutation]
 13461 | D:12     | Lost mutation: You are partially covered in large bone
                  | plates. (SH +4) [potion of mutation]
 13461 | D:12     | Gained mutation: Your spells are a little easier to cast,
                  | but a little less powerful. [potion of mutation]
 13461 | D:12     | Gained mutation: Your flesh is cold resistant. (rC+)
                  | [potion of mutation]
 13461 | D:12     | Gained mutation: You are frail. (-10% HP) [potion of
                  | mutation]
 13501 | D:11     | Lost mutation: You are frail. (-10% HP) [potion of
                  | mutation]
 13501 | D:11     | Lost mutation: Your flesh is cold resistant. (rC+) [potion
                  | of mutation]
 13501 | D:11     | Lost mutation: Your spells are a little easier to cast, but
                  | a little less powerful. [potion of mutation]
 13501 | D:11     | Gained mutation: Your flesh is cold resistant. (rC+)
                  | [potion of mutation]
 13501 | D:11     | Gained mutation: You expend magic power (3 MP) to
                  | strengthen your wands. [potion of mutation]
 13908 | D:13     | Found a blossoming altar of Fedhas.
 13930 | D:13     | Noticed Lodul
 13939 | D:13     | Killed Lodul
 14459 | D:13     | Identified the +0 pair of boots "Cyodu" {*Corrode rElec
                  | Str-3 Int+7}
 14499 | D:13     | Noticed a boulder beetle
 14514 | D:13     | Killed a boulder beetle
 14838 | D:14     | Noticed a catoblepas
 14850 | D:13     | Killed a catoblepas
 14945 | Lair:1   | Entered Level 1 of the Lair of Beasts
 15141 | Lair:1   | Noticed a six-headed hydra
 15147 | Lair:1   | Killed a four-headed hydra
 16286 | Lair:2   | Noticed Sonja
 16291 | Lair:2   | Reached XP level 13. HP: 123/123 MP: 12/12
 16319 | Lair:2   | Killed Sonja
 17122 | Lair:2   | Found a transporter.
 17219 | Lair:2   | Found a transporter.
 17392 | Lair:2   | You fall into a shaft and drop 1 floor!
 18087 | Lair:3   | Found a staircase to the Swamp.
 18519 | Lair:3   | Found a hole to the Spider Nest.
 19752 | Lair:4   | Reached skill level 15 in Axes
 19951 | Lair:4   | Noticed Nergalle
 19959 | Lair:4   | Killed Nergalle
 20008 | Lair:4   | Reached skill level 15 in Fighting
 20016 | Lair:4   | Reached XP level 14. HP: 27/135 MP: 3/13
 20851 | Lair:4   | Reached skill level 15 in Armour
 23037 | Lair:6   | Entered Level 6 of the Lair of Beasts
 23382 | Lair:6   | Received a gift from Trog
 24246 | Lair:6   | Found a staircase to the Slime Pits.
 24246 | Lair:6   | Found a viscous altar of Jiyva.
 24750 | Lair:6   | Identified the +5 shortbow "Xeuckaex" {freeze, rPois rF+
                  | Will- Dex+8}
 25108 | D:14     | Noticed Nessos
 25108 | D:14     | Found a gate to the Vaults.
 25863 | D:14     | Killed Nessos
 26133 | D:14     | Found an ornate altar of the Wu Jian Council.
 26205 | D:14     | Reached XP level 15. HP: 75/145 MP: 14/14
 26441 | D:14     | Reached skill level 15 in Dodging
 27242 | D:15     | Entered Level 15 of the Dungeon
 27590 | D:15     | Found a broken altar of Ashenzari.
 28419 | D:15     | Found a staircase to the Depths.
 29296 | Orc:1    | Entered Level 1 of the Orcish Mines
 29382 | Orc:2    | Entered Level 2 of the Orcish Mines
 29886 | Orc:2    | Received a gift from Trog
 30130 | Orc:2    | Found Zalyucu's Assorted Antiques.
 30206 | Orc:2    | Found Zecs's Armour Shoppe.
 30267 | Orc:2    | Bought the +1 pair of boots of Vexation {rElec Stlth+} for
                  | 368 gold pieces
 30533 | Orc:2    | Noticed an orc warlord
 31035 | Orc:2    | Found a staircase to the Elven Halls.
 31084 | Orc:2    | Identified the +10 short sword of the Tiger {vorpal, Str+3}
 31250 | Orc:2    | Reached ****** piety under Trog
 31263 | Orc:2    | Killed an orc warlord
 31263 | Orc:2    | Received a gift from Trog
 31541 | Orc:2    | Found Aryust's Assorted Antiques.
 31579 | Orc:2    | Bought a glowing cloak for 255 gold pieces
 31644 | Orc:2    | Found Noumeda's Distillery.
 31710 | Orc:2    | Bought a potion of heal wounds for 75 gold pieces
 32031 | Orc:2    | Identified the +0 pair of boots of Shadows and Fog {Int+6}
 32178 | Spider:1 | Entered Level 1 of the Spider Nest
 33086 | Spider:1 | Noticed an emperor scorpion
 33093 | Spider:1 | Noticed an emperor scorpion
 33108 | Spider:1 | Killed an emperor scorpion
 33123 | Spider:1 | Killed an emperor scorpion
 33124 | Spider:1 | Reached XP level 16. HP: 51/157 MP: 15/15
 34531 | Spider:2 | You fall into a shaft and drop 1 floor!
 36034 | Spider:3 | Received a gift from Trog
 36034 | Spider:3 | Found the +8 frozen axe "Frostbite" {freezing cloud, *Noise
                  | Fly rC+}
 36930 | Spider:4 | Entered Level 4 of the Spider Nest
 36937 | Spider:4 | Noticed Agnes
 36945 | Spider:3 | HP: 5/138 [wolf spider[a broodmother] (16)]
 37390 | Spider:3 | Killed Agnes
 38328 | Spider:4 | Reached XP level 17. HP: 126/166 MP: 16/16
 38725 | Spider:4 | Received a gift from Trog
 39450 | Spider:4 | Paralysed by a jorogumo for 2 turns
 40077 | Spider:4 | Paralysed by a jorogumo for 1 turns
 40285 | Spider:4 | Got a gossamer rune of Zot
 40566 | Swamp:1  | Entered Level 1 of the Swamp
 40866 | Swamp:1  | Noticed Jorgrun
 40894 | Swamp:1  | Killed Jorgrun
 41526 | Swamp:2  | Mangled by a ten-headed hydra

Illustrated notes

Levels and vault maps discovered:
D:1:      nicolae_arrival_somewhat_less_tricky_arrival, layout_basic,
          shapermc_ecumenical_altar_mp_highgroup
D:2:      layout_basic, serial_aquarium, aquarium_bridge_long_separate
          [aquarium_subvault_bridge, aquarium_subvault_bridge,
          aquarium_subvault_window, aquarium_subvault_bridge,
          aquarium_subvault_wall, aquarium_subvault_window],
          aquarium_window_corner, aquarium_window_3, aquarium_window_fake,
          aquarium_view_2d, serial_bayou_lagoon_a, roderic_lattice_a,
          palyth_stone_intersect
D:3:      layout_loops_cross
D:4:      layout_loops_ring, enter_ossuary_1
D:5:      layout_basic, minmay_temple_entry_glassed_door, gammafunk_ghost_smash,
          grunt_ministairs_7, st_stairs_7
D:6:      layout_rooms, demons_altar, zin_treasury, kennysheep_mini_moat,
          uniq_grinder
D:7:      layout_loops_ring, lemuel_coloured_pillars_altar, vehumet_crystals,
          serial_shops, nicolae_shop_temple_entry_statues_fountains,
          uniq_maggie, uniq_menkaure
D:8:      layout_loops_ring, xom_confusion_cloud
D:9:      layout_rooms, kennysheep_okawaru_gauntlet, serial_aquarium,
          aquarium_bridge_long_joined [aquarium_subvault_window,
          aquarium_subvault_bridge, aquarium_subvault_bridge,
          aquarium_subvault_wall, aquarium_subvault_bridge,
          aquarium_subvault_bridge], aquarium_window_1, aquarium_window_fake,
          aquarium_window_corridor_3, aquarium_window_2, aquarium_view_2g,
          aquarium_balcony_3b
D:10:     layout_roguey, gammafunk_ghost_grave
D:11:     layout_loops_cross, erik_lair_orcish_takeover
D:12:     layout_rooms, orc_0_dummy
D:13:     layout_long_grid, fedhas_altar_3, uniq_lodul
D:14:     layout_cave_pools, david_vaults_3, hangedman_decor_diamond_cutter,
          nicolae_wu_jian_wuxing_cycle
D:15:     grunt_enter_depths_giant_problem, layout_loops_ring,
          cheibrodos_ashenzari_chains
Lair:1:   layout_cave_pods
Lair:2:   gammafunk_worm_tunnel, layout_small_grid, uniq_sonja
Lair:3:   beast_lair_carwin_large_1, layout_regular_city, swamp_mist_pool,
          hellmonk_spider_entry_not_the_bees, st_stairs_11,
          chequers_serial_rivers_large_b, chequers_serial_rivers_room_a
Lair:4:   layout_cave_pods, grunt_megastairs_3, uniq_nergalle
Lair:5:   nzn_motion_control, layout_regular_city, serial_forest,
          infiniplex_forest_end_3, infiniplex_forest_end_2,
          infiniplex_forest_clump_tiny, infiniplex_forest_lined_3,
          infiniplex_forest_clump_small, infiniplex_forest_clump_C,
          infiniplex_forest_zigzag_2, infiniplex_forest_join,
          infiniplex_forest_clump_small, disabler_island
Lair:6:   evilmike_catoblepas_cave, layout_cave_pods, slime_altar_1
Swamp:1:  layout_basic_swamp, evilmike_swamp_ruin_house_3, uniq_jorgrun
Swamp:2:  layout_basic_swamp, hellmonk_ghost_happy_afterlife,
          evilmike_swamp_ruin_rubble_2
Spider:1: layout_spider_delve, nicolae_spider_bug_shape
Spider:2: layout_spider_delve
Spider:3: layout_cave_pods, nicolae_spider_eight_legs
Spider:4: floodkiller_spider_rune_tomb, nicolae_spider_nooks_and_crannies,
          uniq_agnes
Orc:1:    layout_caves, gammafunk_ghost_cemetery, minmay_orc_treasury
Orc:2:    pubby_orc_utopia

Skill      XL: |  1  2  3  4  5  6  7  8  9 10 11 12 13 14 15 16 17 |
---------------+----------------------------------------------------+-----
Fighting       | 4 5 6 7 9 10 12 13 15 16 17 18 19 | 19.6
Axes           | 4 5 6 8 9 10 12 13 15 16 17 18 19 | 19.6
Armour         | 3 4 5 6 7 9 10 12 13 14 16 17 18 19 | 19.4
Dodging        | 3 4 5 6 8 9 11 12 13 14 16 17 | 17.9

Action                   |  1- 3 |  4- 6 |  7- 9 | 10-12 | 13-15 | 16-18 || total
-------------------------+-------+-------+-------+-------+-------+-------++-------
Melee: Hand axe          |    73 |    31 |       |       |       |       ||   104
       Headbutt          |     9 |    21 |    29 |    93 |   269 |   119 ||   540
       War axe           |       |    99 |   214 |   458 |   728 |       ||  1499
       Punch             |       |     4 |     3 |     8 |    13 |     4 ||    32
       Broad axe         |       |       |       |       |   442 |   221 ||   663
       Executioner's axe |       |       |       |       |       |   329 ||   329
Invok: Berserk           |       |       |     1 |     2 |     4 |     1 ||     8
       Trog's Hand       |       |       |       |     4 |     5 |     2 ||    11
       Brothers in Arms  |       |       |       |       |     1 |       ||     1
Evoke: Wand              |       |       |       |     2 |     5 |       ||     7
  Use: Scroll            |       |     2 |    14 |     9 |     8 |     7 ||    40
       Potion            |       |       |       |     4 |     3 |    12 ||    19
Armor: Chain mail        |    16 |       |       |       |       |       ||    16
       Plate armour      |    24 |   104 |   108 |   483 |   520 |   460 ||  1699
Dodge: Dodged            |    32 |    58 |    95 |   639 |   792 |   621 ||  2237
Block: Other             |       |       |       |    45 |   147 |   154 ||   346
       Reflection        |       |       |       |       |     8 |     1 ||     9

Table legend: (Time is in decaauts)
 A = Elapsed time spent in this place.
 B = Non-inter-level travel time spent in this place.
 C = Inter-level travel time spent in this place.
 D = Time resting spent in this place.
 E = Time spent auto-exploring this place.
 F = Levels seen in this place.
 G = Mean time per level.
                   A        B        C        D        E       F      G
               +--------+--------+--------+--------+--------+-----+--------+
         Total |  41376 |  39801 |   1575 |   4198 |  29906 |  30 | 1379.2 |
       Dungeon |  18819 |  17986 |    833 |   1654 |  13831 |  15 | 1254.6 |
          Lair |  10148 |   9740 |    408 |    527 |   8205 |   6 | 1691.3 |
         Swamp |    968 |    937 |     31 |     57 |    777 |   2 |  484.0 |
   Spider Nest |   8287 |   8076 |    211 |   1933 |   4634 |   4 | 2071.8 |
  Orcish Mines |   2724 |   2633 |     91 |     27 |   2131 |   2 | 1362.0 |
       Ossuary |    428 |    428 |      0 |      0 |    327 |   1 |  428.0 |
               +--------+--------+--------+--------+--------+-----+--------+

Top non-repeatable levels by time:
   Orc:2: 2633 daAuts
Spider:4: 2554 daAuts
Spider:3: 2383 daAuts
Spider:1: 2339 daAuts
  Lair:4: 2251 daAuts
    D:13: 2181 daAuts
  Lair:6: 1879 daAuts
    D:15: 1707 daAuts
  Lair:2: 1706 daAuts
    D:14: 1588 daAuts
  Lair:5: 1571 daAuts
  Lair:3: 1498 daAuts
    D:11: 1368 daAuts
     D:9: 1308 daAuts
     D:5: 1307 daAuts
